 Dungeon Crawl Stone Soup version 0.28-a0-1213-g0243856f03 (webtiles) character file.

Game seed: 4554947449267029173

1593 vineage the Fighter (level 8, -6/60 HPs)
             Began as a Gargoyle Fighter on Dec 21, 2021.
             Was a Believer of Okawaru.
             Mangled by an orc warrior (19 damage)
             ... on level 7 of the Dungeon.
             The game lasted 00:10:08 (7611 turns).

vineage the Fighter (Gargoyle Fighter)              Turns: 7611, Time: 00:10:09

Health: -6/60      AC: 15    Str: 22    XL:     8   Next: 93%
Magic:  6/8        EV:  9    Int:  9    God:    Okawaru [**....]
Gold:   101        SH:  4    Dex:  9    Spells: 7/7 levels left

rFire   . . .      SeeInvis .   a - +0 flail
rCold   + . .      Faith    .   c - +0 buckler
rNeg    + . .      Spirit   .   b - +0 scale mail
rPois   ∞          Reflect  .   i - +0 helmet
rElec   +          Harm     .   o - +1 cloak "Imef" {Slay+2}
rCorr   .          Rampage  .   (no gloves)
Will    .....                   (no boots)
Stlth   ..........              (no amulet)
HPRegen 0.20/turn               f - ring of protection from cold
MPRegen 0.11/turn               (no ring)

@: no status effects
A: sickness immunity, AC +5, negative energy resistance 1, electricity
resistance, torment resistance 1, petrification resistance
a: Renounce Religion, Heroism


You were on level 7 of the Dungeon.
You worshipped Okawaru.
Okawaru was pleased with you.
You visited 2 branches of the dungeon, and saw 8 of its levels.

You collected 449 gold pieces.
You spent 348 gold pieces at shops.

Inventory:

Hand Weapons
 a - a +0 flail (weapon)
Armour
 b - a +0 scale mail (worn)
 c - a +0 buckler (worn)
 i - a +0 helmet (worn)
 o - the +1 cloak "Imef" (worn) {Slay+2}
   (You bought it in a shop on level 5 of the Dungeon)

   Slay:      It affects your accuracy & damage with ranged weapons and melee
   (+2).
Jewellery
 f - a ring of protection from cold (left hand)
 t - a ring of willpower
Wands
 u - a wand of polymorph (6)
Scrolls
 d - 2 scrolls of blinking
 k - a scroll of teleportation
 m - a scroll of fear
 n - a scroll of silence
 q - a scroll of amnesia
 v - a scroll of identify
Potions
 e - a potion of attraction {unknown}
 g - a potion of brilliance
 h - a potion of heal wounds
 j - a potion of cancellation
 l - 2 potions of mutation {unknown}
 p - a potion of magic {unknown}
 r - a potion of invisibility {unknown}
 s - a potion of degeneration {unknown}
 w - 2 potions of curing


   Skills:
 - Level 12.1 Fighting
 + Level 2.3 Maces & Flails
 + Level 3.5 Armour
 + Level 3.5 Shields


You had 7 spell levels left.
You didn't know any spells.
Your spell library contained the following spells:

 Spells                   Type           Power      Damage    Failure   Level
 Apportation              Tloc           0%         N/A       73%         1
 Ozocubu's Armour         Ice            0%         N/A       97%         3
 Metabolic Englaciation   Hex/Ice        0%         N/A       100%        5
 Animate Skeleton         Necr           Unusable   N/A       N/A         1
 Summon Small Mammal      Summ           Unusable   N/A       N/A         1
 Simulacrum               Ice/Necr       Unusable   N/A       N/A         6

Dungeon Overview and Level Annotations

Branches:
Dungeon (7/15)             Temple (1/1) D:4

Altars:
Ashenzari
Gozag
Hepliaklqana
Kikubaaqudgha
Makhleb
Okawaru
Qazlal
Ru
Vehumet
Xom
Zin
Beogh

Shops:
D:3 :   D:4 :   D:5 ([([


Innate Abilities, Weirdness & Mutations

You are immune to sickness and miasma.
Your stone body is resilient. (AC +5)
You are immune to poison.
You resist negative energy. (rN+)
You are resistant to electric shocks. (rElec)
You are resistant to unholy torment.
You are immune to petrification.


Message History

Deactivating autopickup; reactivate with Ctrl-A.
You hit the orc warrior but do no damage.
The orc warrior is lightly wounded.
The orc warrior barely misses you.
The orc warrior hits you with a +0 battleaxe!
* * * LOW HITPOINT WARNING * * *
You feel much better.
The orc warrior hits you with a +0 battleaxe!
You gain the combat prowess of a mighty hero.
The orc warrior barely misses you.
You hit the orc warrior but do no damage.
The orc warrior is lightly wounded.
You block the orc warrior's attack.
You hit the orc warrior but do no damage.
The orc warrior is lightly wounded.
You block the orc warrior's attack.
You hit the orc warrior.
The orc warrior is moderately wounded.
The orc warrior hits you with a +0 battleaxe!
You barely miss the orc warrior.
The orc warrior is moderately wounded.
You block the orc warrior's attack.
You barely miss the orc warrior.
The orc warrior is moderately wounded.
You block the orc warrior's attack.
You closely miss the orc warrior.
The orc warrior is moderately wounded.
The orc warrior hits you but does no damage.
You sock the orc warrior!
The orc warrior is severely wounded.
The orc warrior hits you with a +0 battleaxe!
* * * LOW HITPOINT WARNING * * *
You barely miss the orc warrior.
The orc warrior is severely wounded.
You block the orc warrior's attack.
You barely miss the orc warrior.
The orc warrior is severely wounded.
You feel like a meek peon again.
The orc warrior hits you with a +0 battleaxe!!
You die...

#...................# #.#
#...........###.....####.#
##....<..##.# #..........#
##.....###.# .##.....(..
##...## #.# #.##.#######
########.# #......#
#........###.#####
#.#......# #.....#
#@#####..###.###.# #o#
###..........#
##{###......#####.#
#oo......##.# #.#
#..###.####.# #[# #.># #.#
#.# #.. #..# #.# #.#####.#
#..# #.####........ #..#
#........###.#


You could see an orc warrior and 2 orcs.

Vanquished Creatures
  An orc warrior (D:6)
  A sky beast (D:6)
  2 necrophages
  An ogre (D:6)
  3 phantoms
  A water moccasin zombie (D:5)
  2 scorpions
  A centaur zombie (D:6)
  6 hounds
  2 bullfrog zombies
  6 orc priests
  5 orc wizards
  A howler monkey zombie (D:6)
  An adder (D:4)
  2 howler monkey skeletons (D:5)
  A shadow imp (D:7)
  2 ufetubi
  An adder skeleton (D:5)
  3 worms
  2 dart slugs
  19 orcs
  3 endoplasms
  6 giant cockroaches
  12 goblins
  4 hobgoblins
  2 jackals (D:2)
  A quokka (D:3)
  4 ball pythons
  7 bats
  4 frilled lizards (D:2)
  6 kobolds
  A rat (D:1)
113 creatures vanquished.

Notes
Turn   | Place    | Note
-------+----------+-------------------------------------------
     0 | D:1      | vineage the Gargoyle Fighter began the quest for the Orb.
     0 | D:1      | Reached XP level 1. HP: 14/14 MP: 1/1
   379 | D:1      | Reached XP level 2. HP: 20/20 MP: 2/2
   437 | D:1      | Reached skill level 4 in Fighting
  1217 | D:2      | Reached XP level 3. HP: 24/24 MP: 3/3
  1493 | D:2      | Reached skill level 5 in Fighting
  2203 | D:3      | Found a faded altar of an unknown god.
  2283 | D:3      | Found Purox's Book Shoppe.
  2334 | D:3      | Reached XP level 4. HP: 30/31 MP: 4/4
  3274 | D:4      | Noticed a phantom
  3295 | D:4      | Killed a phantom
  3296 | D:4      | Reached skill level 6 in Fighting
  3296 | D:4      | Reached XP level 5. HP: 10/37 MP: 5/5
  3690 | D:4      | Reached skill level 7 in Fighting
  3882 | D:4      | Found a staircase to the Ecumenical Temple.
  3913 | D:4      | Reached XP level 6. HP: 33/44 MP: 6/6
  3919 | Temple   | Entered the Ecumenical Temple
  4042 | Temple   | Became a worshipper of Warmaster Okawaru
  4089 | D:4      | Found a burning altar of Makhleb.
  4571 | D:4      | Found Eson's Book Boutique.
  4743 | D:5      | Entered Level 5 of the Dungeon
  4928 | D:5      | Reached skill level 8 in Fighting
  5119 | D:5      | Found Sothuel's Weapon Emporium.
  5121 | D:5      | Found Ifyohiam's Weapon Shop.
  5121 | D:5      | Found Fogreiheif's Armour Boutique.
  5122 | D:5      | Found Pojaiw's Armour Shop.
  5196 | D:5      | Reached XP level 7. HP: 47/50 MP: 7/7
  5372 | D:5      | Bought the +1 cloak "Imef" {Slay+2} for 348 gold pieces
  5635 | D:5      | Reached skill level 9 in Fighting
  5641 | D:5      | Reached * piety under Okawaru
  6097 | D:6      | Reached skill level 10 in Fighting
  6203 | D:6      | Reached XP level 8. HP: 42/58 MP: 8/8
  6457 | D:6      | Reached skill level 11 in Fighting
  6686 | D:6      | Reached ** piety under Okawaru
  6885 | D:7      | Found an ancient bone altar of Kikubaaqudgha.
  6906 | D:7      | Reached skill level 12 in Fighting
  7119 | D:7      | Found a radiant altar of Vehumet.
  7611 | D:7      | Mangled by an orc warrior

Illustrated notes

Levels and vault maps discovered:
D:1:      elethiomel_arrival_infinity_welcomes_careful_drivers, layout_basic,
          minmay_misc_feat_more_columns
D:2:      layout_rooms
D:3:      wad_lake_hut, layout_loops_ring, nicolae_overflow_hidden_temple,
          serial_shops, nicolae_shop_crystal, dreamdust_ecumenical_altar_grove
D:4:      layout_basic, makhleb_blood_cavern_becter,
          minmay_temple_entry_glassed_door, serial_shops,
          nicolae_take_the_stairs, kennysheep_orc_chapel
D:5:      layout_basic, minmay_misc_feat_doors, nicolae_wooded_promenade
D:6:      layout_gridville
D:7:      layout_loops_ring, mainiacjoe_overflow_big_doors
Temple:   jpeg_temple_clearing

Skill      XL: |  1  2  3  4  5  6  7  8 |
---------------+-------------------------+-----
Fighting       | 4 5 6 7 8 10 12 | 12.1
Maces & Flails | |  2.3
Armour         | |  3.5
Shields        | |  3.5

Action                   |  1- 3 |  4- 6 |  7- 9 || total
-------------------------+-------+-------+-------++-------
Melee: Flail             |   158 |   189 |   238 ||   585
Invok: Heroism           |       |       |     4 ||     4
  Use: Scroll            |     5 |     7 |     3 ||    15
       Potion            |       |     3 |     3 ||     6
Armor: Scale mail        |    84 |    98 |   196 ||   378
       Skin              |       |    18 |       ||    18
Dodge: Dodged            |    88 |    75 |   119 ||   282
Block: Buckler           |    42 |    40 |    50 ||   132

Table legend: (Time is in decaauts)
 A = Elapsed time spent in this place.
 B = Non-inter-level travel time spent in this place.
 C = Inter-level travel time spent in this place.
 D = Time resting spent in this place.
 E = Time spent auto-exploring this place.
 F = Levels seen in this place.
 G = Mean time per level.
                   A        B        C        D        E       F      G
               +--------+--------+--------+--------+--------+-----+--------+
         Total |   7840 |   7534 |    306 |    345 |   5959 |   8 |  980.0 |
       Dungeon |   7693 |   7425 |    268 |    345 |   5858 |   7 | 1099.0 |
        Temple |    147 |    109 |     38 |      0 |    101 |   1 |  147.0 |
               +--------+--------+--------+--------+--------+-----+--------+

Top non-repeatable levels by time:
     D:4: 1527 daAuts
     D:5: 1309 daAuts
     D:3: 1270 daAuts
     D:1: 1032 daAuts
     D:2: 911 daAuts
     D:7: 875 daAuts
     D:6: 765 daAuts
  Temple: 147 daAuts
